cohdb
Replays
Latest Replays
All Replays
Popular Replays
Top Player Replays
Match Explorer
How It Works
Community
CoH3 Stats
Reddit
Sign in to upload your games and track your stats! →
Sign in with Steam
Match 47031834
Unlisted
Match 47031834
Overview
Messages
Build Orders
End
Royal Engineer Section
Selects Australian Defense Battlegroup
Selects Australian Light Infantry Section
Australian Light Infantry Section
Australian Light Infantry Section
Australian Light Infantry Section
Selects 2-pounder Anti-tank Gun Team
2-pounder Anti-tank Gun Team
Royal Engineer Section
Construct Section Command Post
Construct Platoon Command Post
Humber Armored Car
Infantry Training
Selects Vehicle Over Repair
Construct Company Command Post
Crusader II Medium Tank
Foot Guards Section
mariopl97
jwalker987
Gear-IV-G
Jansen
0
0
Comments
sign in to comment!
No comments posted yet!